 Dungeon Crawl Stone Soup version 0.30.0-29-ga12c61a403 (webtiles) character file.

Game seed: 4904235613028076685

1939 Graphine the Trooper (level 8, -5/111 HPs)
             Began as a Minotaur Berserker on June 17, 2023.
             Was a Priest of Trog.
             Slain by a boulder beetle (7 damage)
             ... on level 6 of the Dungeon.
             The game lasted 00:10:24 (5009 turns).

Graphine the Trooper (Minotaur Berserker)           Turns: 5009, Time: 00:10:26

Health: -5/111     AC:  7    Str: 23    XL:     8   Next: 98%
Magic:  7/7        EV: 10    Int:  4    God:    Trog [***...]
Gold:   236        SH:  6    Dex: 11    Spells: 7/7 levels left

rFire   . . .        i - +0 war axe
rCold   + . .        n - +3 buckler "Tut Fymi" {Fly rPois}
rNeg    . . .        r - +1 chain mail {rC+}
rPois   +            (helmet restricted)
rElec   .            k - +0 cloak
rCorr   .            (no gloves)
SInv    .            c - +1 pair of boots
Will    .....        (no amulet) Stlth
                     (no ring)
HPRegen 0.38/turn    (no ring)
MPRegen 0.10/turn

%: no passive effects
@: berserking, weakened, corroded, flying, very quick
A: horns 2, retaliatory headbutt, MP-powered wands
a: Renounce Religion, Berserk, Trog's Hand


You were on level 6 of the Dungeon.
You worshipped Trog.
Trog was most pleased with you.
You visited 1 branch of the dungeon, and saw 6 of its levels.

You collected 236 gold pieces.

Inventory:

Hand Weapons
 a - a +1 short sword of freezing
 e - a +0 long sword
 i - a +0 war axe (weapon)
 q - a +3 dagger of draining
Armour
 c - a +1 pair of boots (worn)
 j - the +2 helmet of Filth {rF+}
   (You took it off Robin on level 2 of the Dungeon)

   rF:        It protects you from fire.
 k - a +0 cloak (worn)
 n - the +3 buckler "Tut Fymi" (worn) {Fly rPois}
   (You found it on level 5 of the Dungeon)

   rPois:     It protects you from poison.
   Fly:       It grants you flight.
 r - a +1 chain mail of cold resistance (worn)
Wands
 o - a wand of charming (1)
 v - a wand of iceblast (10)
Scrolls
 b - 3 scrolls of teleportation
 g - a scroll of fog {unknown}
 t - 2 scrolls of identify
 x - a scroll of fear {unknown}
Potions
 d - 2 potions of brilliance
 f - 2 potions of attraction
 h - a potion of haste
 l - 2 potions of curing
 m - 2 potions of magic
 p - 2 potions of flight
 s - a potion of mutation
 u - a potion of lignification {unknown}
 w - a potion of resistance {unknown}


   Skills:
 * Level 7.9 Fighting
 * Level 7.8 Axes
 * Level 7.4 Armour
 * Level 6.7 Dodging


You had 7 spell levels left.
You didn't know any spells.
Your spell library was empty.

Dungeon Overview and Level Annotations

Branches:
Dungeon (6/15)
 Temple: D:4-7

Altars:

Shops:
D:5 ?

Annotations:
D:6 1 transporter, Tali's ghost, novice DsBe


Innate Abilities, Weirdness & Mutations

You have a pair of horns on your head.
You reflexively headbutt those who attack you in melee.
You expend magic power (3 MP) to strengthen your wands.


Message History

You closely miss the iguana. Your headbutt misses the iguana.
The iguana is severely wounded.
You barely miss the boulder beetle. You slash the wight!
You block the iguana's attack. The wight hits you with a +3 mace!
The boulder beetle bites you!
You slash the iguana!
You kill the iguana!
Trog accepts your kill.
You hit the wight but do no damage.
You hit the boulder beetle but do no damage.
Unknown command.
You closely miss the wight.
The wight is severely damaged.
You hit the boulder beetle. The wight hits you with a +3 mace.
You feel drained. The boulder beetle barely misses you.
You slash the wight!
You destroy the wight!
Trog accepts your kill.
You slash the gnoll bouda! You closely miss the acid dragon.
You slash Tali's ghost!
You hit the boulder beetle but do no damage.
The gnoll bouda closely misses you. The acid dragon bites you!
You block the acid dragon's attack. The boulder beetle bites you!
Tali's ghost hits you!
* * * LOW HITPOINT WARNING * * *
Your life force feels restored.
You hit the acid dragon but do no damage.
You headbutt the acid dragon!
The acid dragon is moderately wounded.
You closely miss Tali's ghost.
You hit the boulder beetle but do no damage.
You closely miss the gnoll bouda.
The gnoll bouda gazes fiercely through you!
You feel your attacks grow feeble.
The gnoll bouda zaps a wand.
You block the puff of flame. The acid dragon spits acid at you.
The splash of acid hits you!!
* * * LOW HITPOINT WARNING * * *
The acid corrodes you! The boulder beetle bites you!
You die...

##.#.......########.#...#.# #
#.#.#....................# #
######.#......................# #
............#########.........# #
...........##.......##........###
########...#8.......8#...........
## #...#.........#......#<### .#
##..#/..$g)...#...........
.#######..©#....@W...#©..####.###
...........#)...DB...#...# #.#
.########..#.[.......#...# #.# .#
#..#8.[.....8#...####.# ##
#..##©......##........# ####
#...#########....####.# ...#
#................# #.# ##.##
##.............#.# #.#
....####################.# #.#


You could see a boulder beetle, an acid dragon (catching breath), a gnoll bouda
and Tali's ghost.

Vanquished Creatures
  3 yaks (D:6)
  Pargi (D:4)
  2 sky beasts
  A black bear (D:5)
  2 phantoms
  A gnoll sergeant (D:5)
  6 scorpions
  A wight (D:6)
  3 hounds (D:5)
  An orc priest (D:5)
  Jessica (D:2)
  Ijyb (D:3)
  3 orc wizards
  2 iguanas (D:6)
  Robin (D:2)
  4 gnolls
  6 adders
  An ufetubus (D:5)
  A worm (D:3)
  6 dart slugs
  25 orcs
  An endoplasm (D:3)
  2 giant cockroaches (D:1)
  15 goblins
  10 hobgoblins
  4 jackals
  A quokka (D:4)
  7 bats
  2 frilled lizards
  7 kobolds
  4 rats
125 creatures vanquished.

Notes
Turn   | Place    | Note
-------+----------+-------------------------------------------
     0 | D:1      | Graphine the Minotaur Berserker began the quest for the
                  | Orb.
     0 | D:1      | Reached XP level 1. HP: 19/19 MP: 0/0
    41 | D:1      | Reached XP level 2. HP: 20/27 MP: 1/1
  1067 | D:2      | Reached XP level 3. HP: 33/33 MP: 2/2
  1176 | D:2      | Noticed Jessica
  1188 | D:2      | Killed Jessica
  1189 | D:2      | Reached XP level 4. HP: 24/40 MP: 3/3
  1563 | D:2      | Identified the +2 helmet of Filth {rF+}
  1563 | D:2      | Noticed Robin
  1563 | D:2      | Reached ** piety under Trog
  1572 | D:2      | Killed Robin
  1631 | D:2      | Reached XP level 5. HP: 22/47 MP: 4/4
  1824 | D:2      | Found a faded altar of an unknown god.
  2084 | D:2      | Gained mutation: You expend magic power (3 MP) to
                  | strengthen your wands. [potion of mutation]
  2308 | D:3      | Noticed Ijyb
  2345 | D:3      | Killed Ijyb
  2940 | D:4      | Noticed Pargi
  2946 | D:4      | Killed Pargi
  2947 | D:4      | Reached skill level 5 in Fighting
  2947 | D:4      | Reached skill level 5 in Axes
  2947 | D:4      | Reached XP level 6. HP: 41/53 MP: 5/5
  3534 | D:5      | Entered Level 5 of the Dungeon
  3553 | D:5      | Reached skill level 5 in Armour
  3677 | D:5      | Reached XP level 7. HP: 62/62 MP: 6/6
  3742 | D:5      | Reached skill level 5 in Dodging
  3850 | D:5      | Reached *** piety under Trog
  3913 | D:5      | Identified the +3 buckler "Tut Fymi" {Fly rPois}
  3949 | D:5      | Reached XP level 8. HP: 71/71 MP: 7/7
  4017 | D:5      | Found Rij Feaso's Magic Scroll Boutique.
  4441 | D:6      | Noticed a boulder beetle
  4529 | D:6      | Found a transporter.
  4911 | D:6      | Noticed Tali's ghost (novice DsBe)
  4932 | D:6      | Found a transporter.
  5009 | D:6      | HP: 2/111 [acid dragon/splash of acid (23)]
  5009 | D:6      | Slain by a boulder beetle

Illustrated notes

Levels and vault maps discovered:
D:1:      dpeg_arrival_rooms_a, layout_basic, minmay_pentomino_s2
D:2:      layout_loops_corners, shapermc_ecumenical_altar_notcrosses,
          uniq_robin, uniq_jessica
D:3:      layout_rooms, minmay_cut_off, uniq_ijyb
D:4:      layout_basic, minmay_surrounded, uniq_pargi
D:5:      layout_gridville, serial_shops, nicolae_shop_pleasant_corner_grove
D:6:      layout_loops_ring, gammafunk_ghost_arena

Skill      XL: |  1  2  3  4  5  6  7  8 |
---------------+-------------------------+-----
Axes           | 4 5 6 7 |  7.8
Fighting       | 4 5 6 7 |  7.9
Armour         | 3 4 5 6 7 |  7.4
Dodging        | 3 4 5 6 |  6.7

Action                     |  1- 3 |  4- 6 |  7- 9 || total
---------------------------+-------+-------+-------++-------
  Melee: Hand axe          |    48 |    61 |       ||   109
         Headbutt          |     6 |    20 |    20 ||    46
         War axe           |       |   104 |   107 ||   211
         Punch             |       |     1 |       ||     1
 Invoke: Berserk           |       |     1 |     1 ||     2
    Use: Scroll            |     6 |     7 |     2 ||    15
         Potion            |       |     1 |       ||     1
 Armour: Animal skin       |     2 |       |       ||     2
         Leather armour    |     5 |    29 |       ||    34
         Chain mail        |       |    50 |    68 ||   118
  Dodge: Dodged            |    29 |   100 |    60 ||   189
  Block: Buckler           |       |       |    18 ||    18
